 Dungeon Sprint DCSS version 0.30.1-9-gdf580d7c3d (webtiles) character file.

Game seed: 15013522640834629692

37698 Heoruswealwe the Minotaur Porcupine (level 13, -21/148 HPs)
             Began as a Minotaur Fighter on Sept 26, 2023.
             Was an Initiate of Gozag.
             Killed from afar by a fire dragon (64 damage)
             ... with a blast of flame
             ... in the Dungeon (Sprint IX: "|||||||||||||||||||||||||||||").
             The game lasted 00:31:23 (2910 turns).

Heoruswealwe the Minotaur Porcupine (MiFi)          Turns: 2910, Time: 00:31:28

Health: -21/148    AC: 34    Str: 26    XL:     13   Next: 59%
Magic:  12/12      EV:  8    Int:  5    God:    Gozag
Gold:   5282       SH:  0    Dex: 10    Spells: 12/12 levels left

rFire   . . .        b - +5 glaive of the Guard {elec, spectral, AC+5}
rCold   + + .        (shield currently unavailable)
rNeg    + . .        c - +1 plate armour {rPois}
rPois   +            (helmet restricted)
rElec   .            h - +0 cloak
rCorr   +            f - +2 pair of gloves of Barnacled Curiosity {rC++ rCorr}
SInv    +            e - +1 pair of boots
Will    .....        (no amulet) Stlth
                     k - ring of positive energy
HPRegen 0.44/turn    j - ring of see invisible
MPRegen 0.13/turn

%: no teleportation
@: gold aura, hasted, very quick
A: horns 2, retaliatory headbutt
a: Renounce Religion, Potion Petition, Call Merchant, Bribe Branch


You were in the Dungeon.
You worshipped Gozag.
Gozag was greatly pleased with you.
You visited 1 branch You collected 11808 gold pieces.
You spent 4160 gold pieces at shops.
You paid 2366 gold pieces to Gozag.

Inventory:

Hand Weapons
 a - a +0 trident
 b - the +5 glaive of the Guard (weapon) {elec, spectral, AC+5}
   (You bought it in a shop in the Dungeon)

   AC:        It affects your AC (+5).
 v - the +7 great mace "Firestarter" {flame, immolate, rFlCloud rF++}
   (You bought it in a shop in the Dungeon)

   rFlCloud:  It grants immunity to clouds of flame.
   rF:        It greatly protects you from fire.
Armour
 c - a +1 plate armour of poison resistance (worn)
 d - a +0 buckler
 e - a +1 pair of boots (worn)
 f - the +2 pair of gloves of Barnacled Curiosity (worn) {rC++ rCorr}
   (You bought it in a shop in the Dungeon)

   rC:        It greatly protects you from cold.
   rCorr:     It protects you from acid and corrosion.
 h - a +0 cloak (worn)
Jewellery
 j - a ring of see invisible (right hand)
 k - a ring of positive energy (left hand)
Wands
 o - a wand of acid (10)
Scrolls
 p - 6 scrolls of enchant weapon
 q - 2 scrolls of enchant armour
 r - 6 scrolls of blinking
 u - a scroll of poison {unknown}
Potions
 g - 3 potions of haste
 i - 7 potions of curing
 l - 2 potions of might
 m - a potion of invisibility
 n - 4 potions of resistance
 s - a potion of mutation {unknown}
 t - a potion of ambrosia {unknown}
 y - 2 potions of heal wounds


   Skills:
 * Level 23.3 Fighting
 + Level 9.4 Maces & Flails
 O Level 27 Polearms
 + Level 21.8 Armour
 + Level 10.2 Shields


You had 12 spell levels left.
You didn't know any spells.
Your spell library contained the following spells:

 Spells                   Type           Power      Damage    Failure   Level
 Ozocubu's Armour         Ice            0%         N/A       100%        3
 Metabolic Englaciation   Hex/Ice        0%         N/A       100%        5
 Simulacrum               Ice/Necr       Unusable   N/A       N/A         6

Dungeon Overview and Level Annotations

Branches:
Dungeon (1/1)

Altars:
Cheibriados
Dithmenos
Elyvilon
Fedhas
Gozag
Hepliaklqana
Kikubaaqudgha
Makhleb
Nemelex Xobeh
Okawaru
Qazlal
Ru
Sif Muna
Trog
Uskayaw
Vehumet
Wu Jian
Xom
Yredelemnul
Zin
The Shining One
Jiyva
Lugonu

Shops:
D ((*(:*(


Innate Abilities, Weirdness & Mutations

You have a pair of horns on your head.
You reflexively headbutt those who attack you in melee.


Message History

The fire dragon roars deafeningly!
You hear a shout!
Things that are here:
504 gold pieces; a +5 heavy glaive; a +0 chain mail You slice the flayed ghost!!
Lightning courses through the flayed ghost!!
The flayed ghost is no longer distracted by gold.
The flayed ghost is almost destroyed.
Your +5 glaive of the Guard {elec, spectral, AC+5} hits the flayed ghost from afar!!!
You destroy the flayed ghost!
The terrible wounds on your body vanish.
The stone giant throws a large rock.
The large rock hits you!!
* * * LOW HITPOINT WARNING * * *
Your Shields skill increases to level 10!
Your +5 glaive of the Guard {elec, spectral, AC+5} disappears.
You see here 54 gold pieces.
You slice the stone giant!!
The stone giant is moderately wounded.
Your +5 glaive of the Guard {elec, spectral, AC+5} hits the stone giant from afar!!
The stone giant hits you but does no damage.
You carve the stone giant like a ham!!!
You kill the stone giant!
Your +5 glaive of the Guard {elec, spectral, AC+5} disappears.
The fire dragon is no longer distracted by gold.
The stone giant is distracted by your dazzling golden aura.
Things that are here:
117 gold pieces; 4 large rocks You strike the helpless stone giant from behind!
You chop the stone giant into pieces!!!
The stone giant is no longer distracted by gold.
The stone giant is severely wounded.
Your +5 glaive of the Guard {elec, spectral, AC+5} hits the stone giant from afar.
The purple very ugly thing is distracted by your dazzling golden aura.
The purple very ugly thing gurgles horribly!
You slice the stone giant!!
You kill the stone giant!
Your +5 glaive of the Guard {elec, spectral, AC+5} disappears.
The fire dragon breathes flames at you. The blast of flame hits you!!!
You die...
Your body crumbles into a pile of gold.

▓.▓.▓.▓.▓.▓)▓.▓.
▓.▓.▓)▓.▓[▓.▓[▓.▓.
▓.▓.▓)▓.▓[▓.▓[▓.▓.
▓T▓.▓)▓.▓.▓.▓.▓.▓.
▓u▓.▓'▓.▓[▓.▓)▓.▓.
▓.▓.▓.▓.▓.▓.▓)▓.▓.
▓D▓.▓.▓.▓[▓.▓)▓.▓.
▓$▓.▓.▓.▓)▓.▓)▓.▓.
▓@▓.▓.▓.▓)▓.▓)▓.▓'
▓$▓.▓.▓.▓)▓.▓)▓.▓?
▓$▓.▓.▓.▓)▓.▓)▓.▓.
▓$▓.▓.▓.▓)▓.▓)▓.▓?
▓$▓.▓.▓.▓)▓.▓.▓.▓.
▓.▓.▓.▓.▓)▓.▓.▓.▓.
▓.▓.▓'▓.▓)▓.▓.▓.▓?
▓.▓.▓.▓.▓.▓.▓)▓.▓.
▓.▓.▓.▓.▓.▓.▓)▓.▓.


You could see a purple very ugly thing, a fire dragon (catching breath) and a
deep troll shaman.

Vanquished Creatures
  An emperor scorpion (D)
  3 very ugly things (D)
  4 stone giants (D)
  2 fire dragons (D)
  3 hydras (D)
  A jorogumo (D)
  An ice dragon (D)
  An ogre mage (D)
  2 centaur warriors (D)
  A deep troll shaman (D)
  An alligator (D)
  A hell knight (D)
  A shock serpent (D)
  Sonja (D)
  A goliath frog (D)
  2 sea snakes (D)
  A spriggan druid (D)
  A pharaoh ant (D)
  A flayed ghost (D)
  A bog body (D)
  An orc knight (D)
  A naga ritualist (D)
  A mana viper (D)
  A wolf spider (D)
  10 orc sorcerers (D)
  A manticore (D)
  3 ugly things (D)
  3 will-o-the-wisps (D)
  A moth of wrath (D)
  3 black mambas (D)
  2 naga magi (D)
  A torpor snail (D)
  4 cane toads (D)
  2 elephants (D)
  A rime drake (D)
  3 komodo dragons (D)
  A freezing wraith (D)
  3 meliai (D)
  5 merfolk (D)
  2 tyrant leeches (D)
  A tarantella (D)
  4 blink frogs (D)
  A snapping turtle (D)
  A jumping spider (D)
  A slime creature (D)
  A shadow (D)
  A yak (D)
  A wyvern (D)
  2 vampire mosquitoes (D)
  A basilisk (D)
  3 redbacks (D)
  3 water moccasins (D)
  A floating eye (D)
  An ice beast (D)
  9 orc warriors (D)
  A boggart (D)
  A wolf (D)
  A phantom (D)
  3 bullfrogs (D)
  A killer bee (D)
  A howler monkey (D)
  A gnoll bouda (D)
  4 orc priests (D)
  5 orc wizards (D)
  An adder (D)
  10 orcs (D)
  An endoplasm (D)
  A jackal (D)
  2 kobolds (D)
  A quokka (D)
  A ball python (D)
  A rat (D)
146 creatures vanquished.

Vanquished Creatures (others)
  3 foxfires (D)
3 creatures vanquished.

Grand Total: 149 creatures vanquished

Notes
Turn   | Place    | Note
-------+----------+-------------------------------------------
     0 | D        | Heoruswealwe the Minotaur Fighter began the quest for the
                  | Orb.
     0 | D        | Reached XP level 1. HP: 19/19 MP: 0/0
     6 | D        | Reached skill level 3 in Polearms
    20 | D        | Noticed an ice beast
    20 | D        | Noticed a phantom
    29 | D        | Reached skill level 4 in Polearms
    29 | D        | Reached XP level 2. HP: 28/28 MP: 1/1
    42 | D        | Killed a phantom
    43 | D        | Reached skill level 7 in Polearms
    43 | D        | Reached XP level 3. HP: 37/37 MP: 2/2
    43 | D        | Reached XP level 4. HP: 44/44 MP: 3/3
    50 | D        | Killed an ice beast
    51 | D        | Reached skill level 9 in Polearms
    51 | D        | Reached XP level 5. HP: 42/52 MP: 4/4
    62 | D        | Found a snail-covered altar of Cheibriados.
    62 | D        | Found a shadowy altar of Dithmenos.
    62 | D        | Found a white marble altar of Elyvilon.
    62 | D        | Found a blossoming altar of Fedhas.
    62 | D        | Found an opulent altar of Gozag.
    63 | D        | Found a hazy altar of Hepliaklqana.
    64 | D        | Found a viscous altar of Jiyva.
    65 | D        | Found an ancient bone altar of Kikubaaqudgha.
    66 | D        | Found a corrupted altar of Lugonu.
    67 | D        | Found a burning altar of Makhleb.
    68 | D        | Found a sparkling altar of Nemelex Xobeh.
    69 | D        | Found an iron altar of Okawaru.
    70 | D        | Became a worshipper of Gozag Ym Sagoz the Greedy
    71 | D        | Found a stormy altar of Qazlal.
    72 | D        | Found a sacrificial altar of Ru.
    73 | D        | Found a shimmering blue altar of Sif Muna.
    74 | D        | Found a bloodstained altar of Trog.
    75 | D        | Found a hide-covered altar of Uskayaw.
    76 | D        | Found a radiant altar of Vehumet.
    77 | D        | Found an ornate altar of the Wu Jian Council.
    78 | D        | Found a shimmering altar of Xom.
    79 | D        | Found a basalt altar of Yredelemnul.
    80 | D        | Found a glowing silver altar of Zin.
    81 | D        | Found a glowing golden altar of the Shining One.
   130 | D        | Noticed a yak
   130 | D        | Noticed a shadow
   134 | D        | Reached skill level 10 in Polearms
   154 | D        | Killed a shadow
   155 | D        | Reached skill level 12 in Polearms
   155 | D        | Reached XP level 6. HP: 15/63 MP: 5/5
   161 | D        | Killed a yak
   162 | D        | Reached skill level 13 in Polearms
   162 | D        | Reached XP level 7. HP: 35/71 MP: 6/6
   167 | D        | Reached skill level 10 in Fighting
   167 | D        | Reached skill level 10 in Armour
   280 | D        | Noticed a cyan ugly thing
   280 | D        | Noticed a centaur warrior
   280 | D        | Noticed a slime creature
   280 | D        | Noticed a purple ugly thing
   280 | D        | Noticed a manticore
   280 | D        | Noticed a meliai
   284 | D        | Killed a meliai
   285 | D        | Reached skill level 14 in Polearms
   288 | D        | Killed a manticore
   289 | D        | Reached skill level 15 in Polearms
   289 | D        | Reached XP level 8. HP: 40/82 MP: 7/7
   294 | D        | Killed a purple ugly thing
   295 | D        | Reached skill level 16 in Polearms
   297 | D        | Killed a slime creature
   304 | D        | Killed a centaur warrior
   305 | D        | Reached skill level 17 in Polearms
   305 | D        | Reached XP level 9. HP: 27/93 MP: 8/8
   309 | D        | Killed a cyan ugly thing
   310 | D        | Reached skill level 18 in Polearms
   596 | D        | Noticed a cane toad
   596 | D        | Noticed a cane toad
   599 | D        | Killed a cane toad
   605 | D        | Killed a cane toad
   613 | D        | Reached skill level 19 in Polearms
   614 | D        | Noticed an elephant
   626 | D        | Reached XP level 10. HP: 84/104 MP: 9/9
   633 | D        | Killed an elephant
   680 | D        | Noticed a four-headed hydra
   680 | D        | Noticed an elephant
   681 | D        | Noticed a cane toad
   693 | D        | Reached skill level 20 in Polearms
   700 | D        | Killed an elephant
   701 | D        | Reached skill level 15 in Fighting
   701 | D        | Reached skill level 15 in Armour
   706 | D        | Killed an eight-headed hydra
   714 | D        | Killed a cane toad
   715 | D        | Reached skill level 21 in Polearms
   889 | D        | Noticed a cane toad
   903 | D        | Killed a cane toad
   914 | D        | Reached XP level 11. HP: 67/114 MP: 10/10
   938 | D        | Reached skill level 22 in Polearms
  1283 | D        | Noticed an orc knight
  1314 | D        | Killed an orc knight
  1521 | D        | Found Boudiv's Antique Weapon Boutique.
  1521 | D        | Noticed an orc sorcerer
  1521 | D        | Noticed an orc sorcerer
  1521 | D        | Noticed an orc sorcerer
  1521 | D        | Noticed an orc sorcerer
  1521 | D        | Noticed an orc sorcerer
  1523 | D        | Noticed a sun demon
  1525 | D        | Killed an orc sorcerer
  1526 | D        | Noticed an orc sorcerer
  1529 | D        | Killed an orc sorcerer
  1530 | D        | Reached skill level 23 in Polearms
  1530 | D        | Found Fysu's Assorted Antiques.
  1535 | D        | Killed an orc sorcerer
  1541 | D        | Killed an orc sorcerer
  1542 | D        | Found Jemmicit's Book Boutique.
  1544 | D        | Killed an orc sorcerer
  1545 | D        | Noticed an orc sorcerer
  1548 | D        | Noticed a soul eater
  1550 | D        | Killed an orc sorcerer
  1551 | D        | Found Boakirut's Weapon Shop.
  1571 | D        | Noticed an orc sorcerer
  1572 | D        | Noticed an orc sorcerer
  1573 | D        | Noticed an orc sorcerer
  1576 | D        | Killed an orc sorcerer
  1581 | D        | Killed an orc sorcerer
  1584 | D        | Killed an orc sorcerer
  1585 | D        | Reached skill level 24 in Polearms
  1590 | D        | Killed an orc sorcerer
  1682 | D        | Bought a scroll of enchant weapon for 247 gold pieces
  1682 | D        | Bought a potion of haste for 330 gold pieces
  1682 | D        | Bought a small filigree amulet for 165 gold pieces
  1682 | D        | Bought a potion of haste for 330 gold pieces
  1682 | D        | Bought a murky orange potion for 29 gold pieces
  1682 | D        | Bought a golden potion for 29 gold pieces
  1682 | D        | Bought 2 potions of resistance for 660 gold pieces
  1682 | D        | Bought a scroll labelled WOL WU EFE for 33 gold pieces
  1686 | D        | Bought the +7 great mace "Firestarter" {flame, immolate,
                  | rFlCloud rF++} for 783 gold pieces
  1686 | D        | Found the +7 great mace "Firestarter" {flame, immolate,
                  | rFlCloud rF++}
  1689 | D        | Bought a scroll of vulnerability for 52 gold pieces
  1689 | D        | Bought a scroll of torment for 123 gold pieces
  1689 | D        | Bought the +2 pair of gloves of Barnacled Curiosity {rC++
                  | rCorr} for 579 gold pieces
  1689 | D        | Bought a potion of curing for 39 gold pieces
  1734 | D        | Bought the +5 glaive of the Guard {elec, spectral, AC+5}
                  | for 761 gold pieces
  1734 | D        | Found the +5 glaive of the Guard {elec, spectral, AC+5}
  1963 | D        | Noticed a centaur warrior
  1963 | D        | Noticed an eight-headed hydra
  1966 | D        | Killed a ten-headed hydra
  1972 | D        | Noticed an ogre mage
  1975 | D        | Killed a centaur warrior
  1976 | D        | Noticed a stone giant
  1978 | D        | Noticed a red very ugly thing
  1979 | D        | Noticed an ice dragon
  1982 | D        | Reached XP level 12. HP: 81/128 MP: 11/11
  1984 | D        | Killed a stone giant
  1984 | D        | Noticed a fire dragon
  1985 | D        | Reached skill level 25 in Polearms
  1985 | D        | Noticed a stone giant
  1987 | D        | Killed a red very ugly thing
  1988 | D        | Noticed a green very ugly thing
  1990 | D        | Paralysed by a floating eye for 3 turns
  1993 | D        | Killed an ogre mage
  1995 | D        | Killed an ice dragon
  2002 | D        | Killed a fire dragon
  2004 | D        | Killed a stone giant
  2005 | D        | Reached skill level 26 in Polearms
  2009 | D        | Killed a green very ugly thing
  2303 | D        | Noticed a jorogumo
  2311 | D        | Killed a jorogumo
  2354 | D        | Reached skill level 27 in Polearms
  2358 | D        | Reached skill level 1 in Maces & Flails
  2447 | D        | Noticed a six-headed hydra
  2447 | D        | Noticed an alligator
  2449 | D        | Reached skill level 5 in Shields
  2453 | D        | Killed an alligator
  2461 | D        | Reached XP level 13. HP: 126/143 MP: 12/12
  2472 | D        | Reached skill level 5 in Maces & Flails
  2693 | D        | Noticed an emperor scorpion
  2698 | D        | Killed an emperor scorpion
  2798 | D        | Noticed Sonja
  2802 | D        | Killed Sonja
  2888 | D        | Noticed a red very ugly thing
  2888 | D        | Noticed a fire dragon
  2890 | D        | Noticed a stone giant
  2892 | D        | Noticed a stone giant
  2895 | D        | Noticed a fire dragon
  2898 | D        | Killed a red very ugly thing
  2902 | D        | Killed a fire dragon
  2903 | D        | Noticed a purple very ugly thing
  2905 | D        | Reached skill level 10 in Shields
  2907 | D        | Killed a stone giant
  2910 | D        | Killed a stone giant
  2910 | D        | Killed from afar by a fire dragon

Illustrated notes

Levels and vault maps discovered:
D:        linesprint [early_d, line_temple, items_1, d_10, items_2, lair_1,
          lair_end, items_3, orc_1, orc_end, items_4, d_15, swamp_1, shoals_1,
          snake_1, spider_1, d_20, vaults_1, items_5, swamp_end, shoals_end,
          snake_end, spider_end, vaults_end, d_27, items_6, zot_1, zot_end,
          crypt_end, forest_end, elf_end, slime_end, tomb_end, abyss_end,
          pan_hell_end]

Skill      XL: |  1  2  3  4  5  6  7  8  9 10 11 12 13 |
---------------+----------------------------------------+-----
Polearms       | 4 7 9 12 13 15 17 19 21 24 27 | 27.0
Fighting       | 4 6 7 9 11 13 14 16 18 21 23 | 23.3
Armour         | 4 6 7 9 11 13 14 16 18 20 21 | 21.8
Maces & Flails | 4 9 |  9.4
Shields        | 6 10 | 10.2

Action                     |  1- 3 |  4- 6 |  7- 9 | 10-12 | 13-15 || total
---------------------------+-------+-------+-------+-------+-------++-------
  Melee: Trident           |    30 |    13 |       |       |       ||    43
         Headbutt          |     3 |     4 |    19 |    50 |     7 ||    83
         Halberd           |       |    30 |    60 |   144 |       ||   234
         Glaive            |       |       |       |   123 |    45 ||   168
 Invoke: Call Merchant     |       |       |       |     3 |       ||     3
    Use: Potion            |       |     1 |     1 |     4 |     2 ||     8
   Stab: Distracted        |       |       |     1 |     5 |     1 ||     7
 Armour: Scale mail        |     7 |     4 |       |       |       ||    11
         Chain mail        |       |     8 |    24 |    54 |       ||    86
         Plate armour      |       |       |       |    81 |    38 ||   119
  Dodge: Dodged            |    23 |    13 |    19 |    80 |    13 ||   148
  Block: Buckler           |     6 |     2 |       |       |       ||     8
